Map: Ultralove

Players

expendable

  • Race: Protoss Protoss
  • League: Diamond
  • Spawn Location: 1:00

wootwoot - Winner!

  • Race: Protoss Protoss
  • League: Diamond
  • Spawn Location: 7:00

VOD

Have the link to the VOD?

Description

Time

  • Played on: April 22, 2025, 7:34 a.m.
  • Length: 5:21
Show
View Real Time Build Order
Export as new Build Order

expendable Protoss 

Build Orders:  

Get SALT Encoding   

  12  0:00  Probe  
  13  0:12  Probe  
  14  0:19  Pylon  
  14  0:24  Probe  
  15  0:33  Probe  
  15  0:38  Gateway  
  15  0:41  Probe  
  16  0:48  Assimilator  
  17  0:52  Probe  
  18  1:04  Probe  
  19  1:16  Probe  
  20  1:23  Gateway  
  20  1:27  Cybernetics Core, Zealot  
  20  1:30  Forge  
  22  1:42  Pylon  
  22  2:01  Sentry  
  22  2:03  Photon Cannon  
  22  2:07  Pylon  
  22  2:13  Stalker  
  24  2:16  Probe  
  27  2:28  Shield Battery, Probe  
  28  2:38  Photon Cannon  
  28  2:49  Stalker  
  26  3:01  Photon Cannon  
  26  3:04  Pylon  
  26  3:10  Pylon  
  28  3:25  Shield Battery  
  26  3:31  Pylon  
  24  3:35  Gateway  
  26  3:45  Shield Battery  
  26  3:47  Probe  
  25  4:02  Photon Cannon  
  25  4:04  Photon Cannon  
  25  4:06  Photon Cannon  
  24  4:15  Stargate  
  24  4:25  Probe  
  25  4:33  Pylon  
  25  4:41  Photon Cannon  
  25  4:47  Probe, Photon Cannon  
  13  5:15  Pylon  
Show
View Real Time Build Order
Export as new Build Order

wootwoot Protoss - Winner!

Build Orders:  

Get SALT Encoding   

  12  0:01  Probe  
  13  0:13  Probe  
  14  0:19  Pylon  
  14  0:25  Probe  
  15  0:38  Gateway  
  15  0:41  Assimilator  
  15  0:48  Pylon  
  15  1:07  Gateway  
  15  1:12  Gateway  
  15  1:26  Cybernetics Core  
  15  1:31  Probe  
  16  1:43  Probe  
  17  1:50  Stalker x2  
  21  2:16  Stalker x2  
  26  2:37  Probe  
  26  2:43  Stalker  
  26  2:48  Assimilator  
  26  2:49  Probe  
  29  3:01  Probe  
  30  3:07  Warp Gate  
  30  3:13  Probe  
  30  3:14  Robotics Facility  
  31  3:31  Pylon  
  31  3:32  Pylon  
  31  3:44  Pylon  
  31  3:49  Probe  
  31  3:51  Warp Prism  
  32  4:01  Probe  
  35  4:06  Gateway  
  35  4:19  Pylon  
  35  4:31  Pylon  
  35  4:55  Stalker  
  35  4:56  Stalker x2  
  41  5:00  Stalker  
  43  5:20  Stalker x3  
Tags
 
Matchup
PvP
Replay Pack
#1B2M-Replays
Spawn Locations
Cross Positions
Add a new tag
Caveats
  • Supply blocks, unpowered buildings, or Contaminate may cause inaccurate times.
  • Supply counts are checked every 10 seconds.